Cogmind - Beta 17.1 @@@ ROGUE MODE // 2026.08.31 @ 16:56:55 Player: eph7ra Result: Destroyed by S-10 Pest with Light Assault Rifle Performance ------------- Evolutions (1) 500 Regions Visited (2) 400 Robots Destroyed (15) 75 Value Destroyed (331) 331 Prototype IDs (0) 0 Alien Tech Used (0) 0 Bonus (0) 0 TOTAL SCORE: 1306 Bonus ------- None Cogmind --------- Core Integrity 0/400 Matter 300/300 Energy 100/100 System Corruption 2% Temperature Cool (0) Movement Core (200) Ox3 Location -9/Materials Parts ------- > --- POWER (1) -------- (None) > --- PROPULSION (3) --- (None) > --- UTILITY (3) ------ Medium Storage Unit Visual Processing Unit > --- WEAPON (2) ------- (None) > --- INVENTORY (10) --- Light Nuclear Core Light Treads Light Treads Aluminum Leg Compact Wheel Compact Wheel Heat Sink Large Storage Unit Improved Terrain Scan Processor Peak State ------------ > --- POWER ------------ Light Ion Engine > --- PROPULSION ------- Flight Unit Flight Unit Flight Unit > --- UTILITY ---------- Medium Storage Unit Visual Processing Unit > --- WEAPON ----------- EM Shotgun Light Assault Rifle > --- INVENTORY -------- Light Ion Engine Light Nuclear Core Light Treads Light Treads Aluminum Leg Compact Wheel Compact Wheel Heat Sink Large Storage Unit [Rating: 11] Favorites ----------- Power Light Ion Engine Engine Light Ion Engine Propulsion Aluminum Leg Leg Aluminum Leg Flight Unit Flight Unit Utility Visual Processing Unit Storage Large Storage Unit Processor Visual Processing Unit Weapon Light Assault Rifle Energy Gun Small Laser Ballistic Gun Light Assault Rifle Build | -11 -10 -9 ------- Run | Yrd Mat Mat Slots Evolved 2 | . . 2 Power . | . . . Propulsion 1 | . . 1 Utility 1 | . . 1 Weapon . | . . . Parts Attached 19 | 6 6 7 Power 3 | 1 1 1 Engine 3 | 1 1 1 Core . | . . . Reactor . | . . . Propulsion 7 | 2 2 3 Treads . | . . . Leg 4 | 2 2 . Wheel . | . . . Hover . | . . . Flight 3 | . . 3 Utility 4 | 1 2 1 Device . | . . . Storage 3 | 1 1 1 Processor 1 | . 1 . Hackware . | . . . Protection . | . . . Artifact . | . . . Weapon 5 | 2 1 2 Energy Gun 3 | 1 1 1 Energy Cannon . | . . . Ballistic Gun 2 | 1 . 1 Ballistic Cannon . | . . . Launcher . | . . . Special Weapon . | . . . Impact Weapon . | . . . Slashing Weapon . | . . . Piercing Weapon . | . . . Special Melee Weapon . | . . . Unidentified Prototypes . | . . . Corrupted Parts 2 | . . 2 System Corruption 2 | . . 2 Parts Lost 11 | . 2 9 Power 3 | . 1 2 Propulsion 3 | . . 3 Utility . | . . . Weapon 5 | . 1 4 Highest Loss Streak 7 | . 2 7 To Critical Strikes . | . . . Average Backups 8 | 4 8 9 Power 1 | . 2 1 Propulsion 4 | 2 4 4 Utility 2 | . 2 2 Weapon . | . . . Tool/Special . | . . . Unused Backups 8 | . . 8 Power 1 | . . 1 Propulsion 4 | . . 4 Utility 3 | . . 3 Weapon . | . . . Tool/Special . | . . . Average Slot Usage (%) 81 | . 91 74 Engine 11 | . 11 10 Leg 20 | . 28 14 Flight 5 | . . 9 Storage 12 | . 14 11 Processor 9 | . 7 11 Energy Gun 10 | . 13 7 Ballistic Gun 12 | . 14 10 Peak Build Rating 11 | 6 9 11 Average Rating 7 | 4 7 8 On Entrance 5 | . 6 9 Avg Prop Armor Cover (%) . | . . . Naked Turns . | . . . Heaviest Build 30 | 10 30 26 Greatest Support 20 | 20 20 20 Greatest Overweight (x) 3 | 3 1 3 Average Overweight (x) . | . . 1 Largest Inventory Capacity 15 | 8 15 15 Average Capacity 13 | 7 14 13 Most Carried 12 | 8 11 12 Average Carried 8 | 4 8 9 Final Capacity 15 | 8 15 10 Final Carried 9 | 8 9 9 Class Distribution -------------------- 50% | Scavenger-Mutant 49% | Mutant Dominant Class ---------------- Mutant | -10/Materials Scavenger-Mutant | -9/Materials Resources | -11 -10 -9 ----------- Run | Yrd Mat Mat Matter Collected 441 | 260 63 118 Remotely . | . . . Salvage Created 565 | 96 220 249 Parts 36 | 3 10 23 Haulers Intercepted 1 | . . 1 Recyclers Shooed 2 | . . 2 Parts Field Recycled . | . . . Retrieved Matter . | . . . Parts Self-Destructed . | . . . Prevented . | . . . Parts Restored . | . . . Kills | -11 -10 -9 ------- Run | Yrd Mat Mat Combat Hostiles Destroyed 11 | . 4 7 Guns 11 | . 4 7 Classes Destroyed 6 | 1 2 3 Hauler 1 | . . 1 Recycler 1 | 1 . . Watcher 2 | . 1 1 Swarmer 5 | . . 5 Grunt 5 | . 4 1 Sentry 1 | . . 1 Best Kill Streak 3 | 1 2 3 Combat Bots Only 3 | . 2 3 Max Kills in Single Turn 1 | 1 1 1 Gunslinging . | . . . Exploded . | . . . Melee . | . . . Uniques/NPCs Destroyed . | . . . Combat | -11 -10 -9 -------- Run | Yrd Mat Mat Hostile Shots Fired 168 | . 41 127 Missed 46 | . 11 35 Hits 122 | . 30 92 Projectile 122 | . 30 92 Critical Strikes 5 | . 3 2 Damage Taken 1379 | . 407 972 Core 491 | . 88 403 Absorbed by Shields . | . . . Core Remaining (%) 82 | 100 64 . Volleys Fired 79 | 10 23 46 Largest 2 | 1 2 2 Hottest 65 | 40 60 65 Shots Fired 119 | 10 42 67 Gun 119 | 10 42 67 Cannon . | . . . Launcher . | . . . Special . | . . . Kinetic 69 | . 23 46 Thermal 21 | 10 11 . Explosive . | . . . Electromagnetic 29 | . 8 21 Robot Hit Streak 11 | 2 9 11 Robot Miss Streak 3 | 2 1 3 Penetration Max . | . . . Secondary Targets 2 | . 2 . Max Gunslinging Chain 1 | . 1 . Shots Hit Robots 81 | 5 34 42 Core Hits 35 | 3 13 19 Critical Kills . | . . . Critical Parts Destroyed . | . . . Critical Strikes . | . . . Melee Attacks . | . . . Impact . | . . . Slashing . | . . . Piercing . | . . . Sneak Attacks . | . . . Combat Hostiles . | . . . Follow-up Attacks . | . . . Damage Inflicted 927 | 57 348 522 Guns 822 | 56 340 426 Cannons . | . . . Explosions 75 | . . 75 Melee . | . . . Ramming 30 | 1 8 21 Kinetic 358 | . 171 187 Thermal 207 | 56 76 75 Explosive . | . . . Electromagnetic 332 | . 93 239 Impact . | . . . Slashing . | . . . Piercing . | . . . Highest Corruption 2 | . . 2 Average Corruption 1 | . . 1 Corruption Purged . | . . . Corruption Blocked . | . . . Effects 3 | . . 3 Message Errors 1 | . . 1 Matter Fused 1 | . . 1 Misfires 1 | . . 1 Overload Shots . | . . . Overflow Damage . | . . . Projectiles . | . . . Explosions . | . . . Melee . | . . . Knockbacks . | . . . Impact . | . . . Kinetic . | . . . Secondary . | . . . Self-Inflicted Damage 5 | . . 5 Shots . | . . . Rammed 14 | . . 14 Targets Rammed 20 | 1 2 17 Kicked 6 | 1 2 3 Crushed . | . . . Highest Temperature 131 | . 131 87 Average Temperature 46 | . 65 25 Received Heat Transfer 510 | . 288 222 Siege Activations . | . . . Martial Activations . | . . . Shielding Activations . | . . . Robots Disrupted . | . . . Combat Hostiles . | . . . Robots Corrupted . | . . . Combat Hostiles . | . . . Parts Fried 1 | . 1 . Impact Corruptions . | . . . Robots Melted . | . . . Combat Hostiles . | . . . Parts Melted . | . . . Heat Transferred 400 | 125 175 100 Parts Sabotaged . | . . . Parts Stolen . | . . . Parts Stripped . | . . . Power Chain Reactions 1 | . . 1 Alert | -11 -10 -9 ------- Run | Yrd Mat Mat Maximum Alert Level . | . . . Low Security (%) 100 | 100 100 100 Level 1 . | . . . Level 2 . | . . . Level 3 . | . . . Level 4 . | . . . Level 5 . | . . . High Security . | . . . Max Security . | . . . Peak Influence 89 | . 40 89 Initial . | . . . Average 16 | . 11 22 Influence Increases 366 | 5 122 239 Destroy 0b10 Robot/C 220 | . 80 140 Destroy 0b10 Robot/NC 20 | 5 5 10 Destroy Leader 66 | . 22 44 Successful Hack 20 | . 15 5 Destroy Structure 10 | . . 10 Partial Spotted 15 | . . 15 Lose Combat Pursuer 15 | . . 15 Influence Decreases 362 | 5 122 235 Time Decay 302 | 5 122 175 Lost Part 60 | . . 60 Squads Dispatched 2 | . 1 1 Investigation 1 | . 1 . Extermination . | . . . Reinforcement 1 | . . 1 Assault . | . . . Garrison . | . . . Intercept . | . . . Searches Triggered . | . . . Construction Impeded . | . . . Haulers Reinforced . | . . . Active Scanning Responses . | . . . Cargo Convoy Interrupts . | . . . Stealth | -11 -10 -9 --------- Run | Yrd Mat Mat Distress Signals . | . . . Communications Jammed . | . . . Distress Signals . | . . . Times Spotted 24 | . 7 17 Peak Tracking Total 5 | . 2 5 Tactical Retreats 1 | . . 1 Traps | -11 -10 -9 ------- Run | Yrd Mat Mat Traps Triggered . | . . . Indirectly . | . . . Trap Hack Attempts . | . . . Triggered . | . . . Disarmed . | . . . Reprogrammed . | . . . Reused . | . . . Traps Extracted . | . . . Installed . | . . . Triggered . | . . . Machines | -11 -10 -9 ---------- Run | Yrd Mat Mat Machines Disabled . | . . . Max in Single Turn . | . . . Machines Repaired . | . . . Machines Dismantled . | . . . Machines Sabotaged . | . . . Overloaded Fab Kills . | . . . Hacking | -11 -10 -9 --------- Run | Yrd Mat Mat Machines Accessed 6 | . 3 3 Terminals 6 | . 3 3 Fabricators . | . . . Repair Stations . | . . . Recycling Units . | . . . Scanalyzers . | . . . Garrison Access . | . . . Total Hacks 20 | . 13 7 Successful 9 | . 5 4 Failed 11 | . 8 3 Catastrophic 2 | . 2 . Database Lockouts . | . . . Manual 19 | . 13 6 Terminals 20 | . 13 7 Fabricators . | . . . Repair Stations . | . . . Recycling Units . | . . . Scanalyzers . | . . . Garrison Access . | . . . Terminal Hacks 3 | . 3 . Locate Traps 1 | . 1 . Zone Layout 2 | . 2 . Fabricator Hacks . | . . . Repair Station Hacks . | . . . Recycling Unit Hacks . | . . . Scanalyzer . | . . . Garrison Access Hacks . | . . . Unauthorized Hacks 6 | . 2 4 Terminals 6 | . 2 4 Botnet 4 | . 2 2 Operators 1 | . . 1 Skim 1 | . . 1 Fabricators . | . . . Repair Stations . | . . . Recycling Units . | . . . Scanalyzers . | . . . Garrison Access . | . . . Data Cores Recovered . | . . . Used . | . . . Hacking Detections 6 | . 3 3 Full Trace Events 1 | . 1 . Feedback Events . | . . . Feedback Blocked . | . . . Robot Schematics Acquired . | . . . Robots Built . | . . . Authchips . | . . . Time . | . . . Total Robot Build Rating . | . . . Part Schematics Acquired . | . . . Parts Built . | . . . Authchips . | . . . Time . | . . . Total Part Build Rating . | . . . Part Studies Acquired . | . . . Parts Repaired . | . . . Time . | . . . Parts Recycled . | . . . Recycled Matter . | . . . Retrieved Matter . | . . . Retrieved Components . | . . . Parts Scanalyzed . | . . . Part Schematics Acquired . | . . . Parts Damaged . | . . . Bothacking | -11 -10 -9 ------------ Run | Yrd Mat Mat Used RIF Installer . | . . . Robots Hacked . | . . . Non-combat . | . . . Combat . | . . . Robot Hacks Applied . | . . . Relay Couplers Released . | . . . Fabnet Peak Effective % . | . . . Robots Rewired . | . . . Allies Hacked . | . . . Hacks Repelled . | . . . Allies | -11 -10 -9 -------- Run | Yrd Mat Mat Total Allies . | . . . Largest Group . | . . . Highest-Rated Group . | . . . Highest-Rated Ally . | . . . Total Orders . | . . . Ally Attacks . | . . . Total Damage . | . . . Kills . | . . . Allies Corrupted . | . . . Allies Melted . | . . . Intel | -11 -10 -9 ------- Run | Yrd Mat Mat Active Infowar (turns) 800 | . 256 544 Optics 800 | . 256 544 Robot Analysis Total . | . . . Derelict Logs Recovered . | . . . Drone Launches . | . . . Drone Recoveries . | . . . Exploration | -11 -10 -9 ------------- Run | Yrd Mat Mat Turns Passed 1098 | 101 452 545 Spaces Moved 488 | 64 176 248 Core 22 | 22 . . Treads . | . . . Legs 355 | 42 176 137 Wheels . | . . . Hover . | . . . Flight 111 | . . 111 Fastest Speed 50 | 50 120 114 Average Speed 161 | 99 188 158 Slowest Speed 280 | 200 190 280 Overloaded Moves . | . . . Propulsion Burnouts . | . . . Robots Hopped . | . . . Potential Cave-ins . | . . . Cave-ins Triggered . | . . . Exploration Rate (%) 20 | 3 38 20 Regions Visited 2 Branch Regions . Pre-discovered Areas . | . . . Known Exits Taken . | . . . Unknown Exits Taken 2 | 1 1 . Scrap Searched . | . . . Spaces Dug . | . . . Terrain Destroyed 9 | . . 9 Melee . | . . . Projectile . | . . . AOE 9 | . . 9 Terrain Rammed . | . . . Walls Destroyed . | . . . Machines Disabled . | . . . Actions | -11 -10 -9 --------- Run | Yrd Mat Mat Total 671 | 88 258 325 Wait 46 | . 46 . Move 487 | 64 175 248 Hop . | . . . Pick Up 15 | 8 3 4 Fast Attach 10 | 6 2 2 Attach 5 | . 2 3 Detach 1 | . . 1 Swap 5 | . 2 3 Drop 4 | . 3 1 Fire 79 | 10 23 46 Melee . | . . . Ram 14 | . . 14 Kick 5 | . 2 3 Crush . | . . . Escape Stasis . | . . . Rewire . | . . . Trap . | . . . Miscellaneous . | . . . Route ------- -11/Scrapyard -10/Materials -9/Materials History --------- Turn | Location | Event 13 | -11/Scrapyard | Discovered new exit (range 15) 102 | -11/Scrapyard | Entered Materials 319 | -10/Materials | Build established: Mutant 541 | -10/Materials | Discovered new exit (range 8) 554 | -10/Materials | Entered another Materials area 554 | -9/Materials | Evolved 2 slots: Propulsion x1, Utility x1 785 | -9/Materials | Build established: Scavenger-Mutant 1073 | -9/Materials | Core integrity fell below 50% 1093 | -9/Materials | Core integrity fell below 20% 1099 | -9/Materials | Destroyed by S-10 Pest with Light Assault Rifle Last Messages --------------- 01072_ Slammed into S-10 Pest. 01072_ K-01 Serf cleans the Material Compactor. 01073_ R-06 Scavenger collects Flight Unit. 01074_ Slammed into Y-45 Defender. 01076_ R-06 Scavenger collects Lgt. Ion Engine. 01077_ Slammed into Y-45 Defender. 01078_ Lgt. Ion Engine destroyed. 01079_ R-06 Scavenger collects Lgt. Assault Rifle. 01080_ Slammed into R-06 Scavenger. 01082_ Slammed into S-10 Pest. 01086_ Slammed into Y-45 Defender. 01091_ Flight Unit destroyed. 01092_ Slammed into Y-45 Defender. 01094_ Slammed into S-10 Pest. 01096_ Slammed into Y-45 Defender. 01097_ Critical hit (Burn: +37). 01098_ Slammed into Y-45 Defender. 01098_ Visual Processing Unit broken. 01098_ Destabilizing: Short circuit. Map ----- +----------------------------------------------------+ | ?????????????????????????????????????????????????? | | ?????????????????????????????????????????????????? | | ?????????????????????????????????????????????????? | | ?????????????????????????????????????????????????? | | ?????????????????????????????????????????????????? | | ?????????????????????????????????????????????????? | | ???????????????????????#######????????+###???????? | | ???????????????????????# ####### ###?????? | | ???????????????????????# ! ???? | | ???????????????????????# ^ ???? | | ???????????????????????# ???? | | ???????????????????????# ####### #???????? | | ???????????????????????## #####????????????????? | | ????????????????????????# [[#????????????????? | | ??????????????########### [[#????????????????? | | ??????????????# + !!#????????????????? | | ??????????????# "Y" # !!#????????????????? | | ??????????????# """ # !#????????????????? | | ??????????????# # u !!#????????????????? | | ??????????????########### #####????????????????? | | ??????????????########### #????????????????????? | | ??????????????# "T" # #????????????????????? | | ??????????????# #=k #????????????????????? | | ??????????????# *#s #????????????????????? | | ??????????????# """%%mY% #????????????????????? | | ??????????????# """""%#@s%#????????????????????? | | ??????????????# """"" #####????????????????????? | | ??????????????# """"" #??######????????????????? | | ??????????????# """ #??# #????????????????? | | ??????????????#########+#### T #????????????????? | | ??????????????????????#% % + #????????????????? | | ?????? ???????????????#### # #????????????????? | | ?????? ??????????????????# # #????????????????? | | ?????? ??????????????????# # #????????????????? | | ?????? ??????????????????# #* #????????????????? | | ?????? ???????????????####%#%[ #????????????????? | | ?????? ????? ????????# +!! #????????????????? | | ?????? ????? ???????# #########????????????????? | | ?????? ?????? ??????# # """ #????????????????? | | ?????# #?????? ??????# # "T" #????????????????? | | ?????# #??????? ?????# # #????????????????? | | ?????# #??######/###### # #????????????????? | | ###### #??# ^ # #????????????????? | | # #??#^ ^ + """ #????????????????? | | # #??# ^^ "T" # """ #????????????????? | | """ # #??# # """ #????????????????? | | """ # #### #! #????????????????? | | """ # # #????????????????? | | + # #????????????????? | | """ # """" #+#######????????????????? | +----------------------------------------------------+ Best States ------------- Heat Dissipation 28 Energy Generation 10 Energy Capacity 125 Matter Stores 300 Matter Capacity 300 Sight Range 18 Terrain Scan Density 10 Evasion (%) 50 Item Schematics ----------------- None Robot Schematics ------------------ None Fabricated ------------ Nothing Repaired ---------- Nothing Studied --------- None Alien Tech Used ----------------- None Achievements -------------- None Challenges ------------ None Game ------ Seed RelayTractorImmobilizer Manual? 0 Play Time 00:16:26 Cumulative 29.8 hours Start 2026.08.31 @ 16:43:27 End 2026.08.31 @ 16:56:55 Sessions 1 Manual Loads 0 Difficulty Rogue Special Mode None Game No. 46 Rogue 41 Adventurer 1 Explorer 4 Win Type - Total 0 Types 0/0/0/0/0/0/0/0/0/0 Lore% 10 Gallery% 21 Achievement% 19 Wizard Run 0 Options --------- Layout 1 ASCII 0 Keyboard 0 Movement Arrows Keybinds 0 Fullscreen 1 Font 24/Smallcaps Map View 50x35 Zoom Use 0% Tactical HUD 1 Map Filters NONE Filters NONE Steam 1 RUN: ad4dd6e9-f605-468f-9122-bfa3e5c1a854